 Dungeon Crawl Stone Soup version 0.21.1-1-g345015f (webtiles) character file.

4272 Insidiator the Cleaver (level 10, -1/94 HPs)
             Began as a Deep Dwarf Fighter on June 27, 2018.
             Was a Follower of Makhleb.
             Slain by a tengu warrior
             ... wielding a +1 battleaxe of electrocution
              (12 damage)
             ... on level 10 of the Dungeon on June 28, 2018.
             The game lasted 01:32:11 (7171 turns).

Insidiator the Cleaver (Deep Dwarf Fighter)         Turns: 7171, Time: 01:32:12

Health: -1/94      AC:  9    Str: 24    XL:     10   Next: 10%
Magic:  0/0        EV: 10    Int:  8    God:    Makhleb [*.....]
Gold:   327        SH: 11    Dex: 12    Spells: 9/9 levels left

rFire    . . .     SeeInvis .   a - +0 war axe
rCold    + + .     Gourm    .   h - +0 shield
rNeg     . . .     Faith    .   O - +1 ring mail {rC+}
rPois    .         Spirit   +   w - +0 hat
rElec    .         Reflect  .   (no cloak)
rCorr    .         Harm     .   (no gloves)
MR       +....                  C - +0 pair of boots
Stlth    ++........             b - amulet of guardian spirit
HPRegen  0.00/turn              i - ring of stealth
MPRegen  0.07/turn              n - ring of protection from cold

@: non-regenerating
A: damage resistance, heal wounds, sense surroundings 2, no regeneration
a: Heal Wounds, Renounce Religion


You were on level 10 of the Dungeon.
You worshipped Makhleb.
Makhleb was aware of your devotion.
You were not hungry.

You visited 2 branches of the dungeon, and saw 10 of its levels.
You also visited: Sewer.

You collected 327 gold pieces.

Inventory:

Hand Weapons
 a - a +0 war axe (weapon)
 I - a +2 mace of protection
 N - a +1 whip of flaming
Armour
 h - a +0 shield (worn)
 w - a +0 hat (worn)
 y - a +0 ring mail
 C - a +0 pair of boots (worn)
 E - a +0 chain mail
 L - a +0 plate armour
 O - a +1 ring mail of cold resistance (worn)
Jewellery
 b - an amulet of guardian spirit (around neck)
 i - a ring of stealth (left hand)
 n - a ring of protection from cold (right hand)
 q - an uncursed ring of fire
 t - a +5 ring of dexterity
Wands
 u - a wand of polymorph (3)
 x - a wand of flame (12)
 H - a wand of paralysis (17)
Scrolls
 k - 3 scrolls of teleportation
 l - a scroll of enchant armour {unknown}
 m - 5 scrolls of identify
 o - 3 scrolls of immolation {unknown}
 p - 2 scrolls of blinking
 r - 7 scrolls of remove curse
 v - a scroll of noise {unknown}
 A - a scroll of enchant weapon {unknown}
 D - a scroll of amnesia {unknown}
 P - a scroll of acquirement {unknown}
Potions
 c - 2 potions of agility
 d - 2 potions of might
 e - 3 potions of haste
 g - a potion of resistance
 j - a potion of ambrosia {unknown}
 s - 2 potions of brilliance
 z - 2 potions of flight {unknown}
 F - 2 potions of invisibility
 G - 4 potions of curing
 J - a potion of heal wounds
 K - 2 potions of degeneration {unknown}
 M - a potion of cancellation {unknown}
Books
 B - a book of Minor Magic

   Spells                             Type                      Level
   a - Magic Dart                     Conjuration                  1
   b - Blink                          Translocation                2
   c - Call Imp                       Summoning                    2
   d - Slow                           Hexes                        2
   e - Conjure Flame                  Conjuration/Fire             3
   f - Mephitic Cloud                 Conjuration/Poison/Air       3
Comestibles
 f - 14 rations
 Q - a chunk of flesh


   Skills:
 + Level 7.0 Fighting
 + Level 8.9 Axes
 + Level 8.6 Armour
 - Level 1.0 Dodging
 + Level 8.5 Shields


You had 9 spell levels left.
You didn't know any spells.

Dungeon Overview and Level Annotations

Branches:
Dungeon (8/15)             Temple (1/1) D:6
   Lair: D:8-11

Altars:
Ashenzari
Dithmenos
Elyvilon
Fedhas
Gozag
Hepliaklqana
Kikubaaqudgha
Makhleb
Nemelex Xobeh
Okawaru
Qazlal
Ru
Sif Muna
Trog
Uskayaw
Vehumet
Wu Jian
Xom
Yredelemnul
Zin
The Shining One

Shops:
D:8 %


Innate Abilities, Weirdness & Mutations

You are resistant to damage.
You can heal yourself by infusing magical energy.
You passively map the area around you.
You do not regenerate.


Message History

The tengu warrior pecks you but does no damage.
The tengu warrior claws you but does no damage.
You hit the tengu warrior.
The tengu warrior is lightly wounded.
You block the tengu warrior's attack. x2; The tengu warrior claws you.
* * * LOW HITPOINT WARNING * * *
You miss the tengu warrior.
The tengu warrior is lightly wounded.
You block the tengu warrior's attack.
The tengu warrior pecks you but does no damage.
The tengu warrior claws you.
You hit the tengu warrior.
The tengu warrior is lightly wounded.
The tengu warrior barely misses you. You block the tengu warrior's attack.
The tengu warrior claws you but does no damage.
You closely miss the tengu warrior.
The tengu warrior is lightly wounded.
The tengu warrior hits you with a battleaxe of electrocution.
You are electrocuted!
You die...

###........."..# ,
, ≈ ,
..............# ≈ *
* #..........[.# *
, #............# *
, #..?.......#* ,
,,* #..........+ ,
* ≈≈ ,,,
#........5Q# ** *
,, ####'#####Q# ,
,#######(# #@#**
#..(.((.#.........#
,
#.......#.........#
#.$.....#.........#
#.......+.....#####
,, #.......#######
#.......# #...Q...#
+ #.......#


You could see 2 tengu warriors and a quasit.

Vanquished Creatures
  Pikel (D:7)
  Joseph (D:7)
  A spriggan (D:7)
  Sigmund (D:3)
  The ghost of senseless the Covered, an amateur HOFi (D:4)
  3 orc warriors
  2 ice beasts
  2 slaves (D:7)
  2 centaurs
  A tengu (D:3)
  3 ogres
  4 bullfrogs
  2 scorpions
  A water moccasin skeleton (D:6)
  A killer bee (D:7)
  5 wights (D:6)
  A howler monkey (D:3)
  3 crimson imps
  2 centaur skeletons (D:5)
  5 hounds
  7 orc wizards
  A quasit (D:7)
  4 orc priests
  Jessica (D:3)
  An iguana (D:5)
  Ijyb (D:3)
  6 worker ants
  Natasha (twice) (D:2)
  Terence (D:2)
  A hound skeleton (D:4)
  4 worker ant zombies (D:7)
  3 gnolls (D:3)
  12 adders
  2 river rats (D:6)
  A shadow imp (D:7)
  9 oozes
  3 adder skeletons
  6 worms
  4 dart slugs
  13 leopard geckos
  16 orcs
  11 giant cockroaches
  15 hobgoblins
  10 jackals
  7 kobolds
  7 quokkas
  12 ball pythons
  9 bats
  14 frilled lizards
  9 goblins
  A leopard gecko skeleton (D:4)
  A leopard gecko zombie (D:7)
  A quokka zombie (D:8)
  12 rats
249 creatures vanquished.

Vanquished Creatures (others)
  A slave (D:7)
  Natasha (D:2)
  A bat (D:2)
  A goblin (D:2)
4 creatures vanquished.

Grand Total: 253 creatures vanquished

Notes
Turn   | Place    | Note
-------+----------+-------------------------------------------
     0 | D:1      | Insidiator the Deep Dwarf Fighter began the quest for the Orb.
     0 | D:1      | Reached XP level 1. HP: 20/20 MP: 1/1
   166 | D:1      | Reached XP level 2. HP: 25/27 MP: 2/2
   707 | D:1      | Reached XP level 3. HP: 14/33 MP: 3/3
   719 | D:2      | Reached XP level 4. HP: 42/42 MP: 3/3
   951 | D:2      | Noticed Natasha
   954 | D:2      | Killed Natasha
  1064 | D:2      | Killed Natasha
  1100 | D:2      | Reached XP level 5. HP: 34/49 MP: 4/4
  1158 | D:2      | Noticed Natasha
  1164 | D:2      | Killed Natasha
  1185 | D:2      | Noticed Terence
  1195 | D:2      | Killed Terence
  1454 | D:3      | Reached skill level 1 in Dodging
  1561 | D:3      | Found a radiant altar of Vehumet.
  1657 | D:3      | Noticed Jessica
  1666 | D:3      | Killed Jessica
  1666 | D:3      | Reached XP level 6. HP: 34/56 MP: 0/5
  1734 | D:3      | Noticed Sigmund
  1918 | D:3      | Killed Sigmund
  1918 | D:3      | Reached skill level 5 in Axes
  2253 | D:3      | Noticed Ijyb
  2270 | D:3      | Killed Ijyb
  2328 | D:3      | Reached XP level 7. HP: 45/63 MP: 1/3
  2353 | D:3      | Reached skill level 5 in Armour
  2353 | D:3      | Reached skill level 5 in Shields
  2668 | D:4      | Noticed senseless's ghost (amateur HOFi)
  2729 | D:4      | Killed senseless's ghost
  2729 | D:4      | Reached XP level 8. HP: 34/73 MP: 0/3
  3310 | D:5      | Entered Level 5 of the Dungeon
  3355 | D:5      | Reached skill level 5 in Fighting
  3687 | D:5      | Found a white marble altar of Elyvilon.
  3708 | D:5      | Found an ancient bone altar of Kikubaaqudgha.
  3708 | D:5      | Found a glowing silver altar of Zin.
  4584 | D:6      | Found a glowing drain.
  4602 | Sewer    | Entered a sewer
  5133 | D:6      | Gained mutation: You passively map the area around you. [Deep Dwarf growth]
  5133 | D:6      | Reached XP level 9. HP: 63/82 MP: 0/4
  5642 | D:6      | Found a staircase to the Ecumenical Temple.
  5799 | Temple   | Entered the Ecumenical Temple
  5815 | Temple   | Became a worshipper of Makhleb the Destroyer
  6310 | D:7      | Noticed Joseph
  6345 | D:7      | Killed Joseph
  6435 | D:7      | Noticed Pikel
  6549 | D:7      | Killed Pikel
  6612 | D:7      | Reached * piety under Makhleb
  6766 | D:7      | Reached XP level 10. HP: 63/92 MP: 1/1
  6908 | D:8      | Found Kegrosepn's Food Emporium.
  7146 | D:8      | You fall through a shaft for 2 floors!
  7146 | D:10     | Entered Level 10 of the Dungeon
  7146 | D:10     | Noticed a tengu warrior
  7146 | D:10     | Noticed a tengu warrior
  7171 | D:10     | Slain by a tengu warrior

Skill      XL: |  1  2  3  4  5  6  7  8  9 10 |
---------------+-------------------------------+-----
Fighting       | 3 4 5 6 7 |  7.0
Axes           | 3 4 5 6 7 8 |  8.9
Armour         | 4 5 7 8 |  8.6
Shields        | 4 5 7 8 |  8.5
Dodging        | 1 |  1.0

Action                   |  1- 3 |  4- 6 |  7- 9 | 10-12 || total
-------------------------+-------+-------+-------+-------++-------
Melee: War axe           |    92 |   257 |   691 |    91 ||  1131
 Abil: Heal Wounds       |     1 |     5 |    22 |     4 ||    32
Evoke: Wand              |       |       |    17 |       ||    17
  Use: Scroll            |       |       |    13 |       ||    13
  Eat: Chunk             |       |     5 |    10 |     1 ||    16
       Ration            |       |       |     2 |       ||     2
Armor: Scale mail        |    45 |    87 |    20 |       ||   152
       Chain mail        |       |       |   145 |       ||   145
       Ring mail         |       |       |    33 |    27 ||    60
       Plate armour      |       |       |    61 |       ||    61
Dodge: Dodged            |    31 |    77 |   189 |    29 ||   326
Block: Shield            |    47 |   122 |   404 |    66 ||   639
